 Dungeon Sprint DCSS version 0.30-a0-691-g754fce4c43 (webtiles) character file.

Game seed: 16510795266371510317

2713 BigDaddyOpFi the Fighter (level 9, -10/93 HPs)
             Began as a Hill Orc Monk on Jan 19, 2023.
             Was a High Priest of Cheibriados.
             Mangled by a vault warden
             ... wielding a +0 great sword
              (20 damage)
             ... in the Dungeon (Sprint V: "Ziggurat Sprint").
             The game lasted 00:02:47 (583 turns).

BigDaddyOpFi the Fighter (Hill Orc Monk)             Turns: 583, Time: 00:02:47

Health: -10/93     AC: 19    Str: 27    XL:     9   Next: 66%
Magic:  17/18      EV: 12    Int: 21    God:    Cheibriados [*****.]
Gold:   0          SH:  0    Dex: 38    Spells: 8/8 levels left

rFire   . . .      SeeInvis +    E - +27 heavy crossbow "Sniper" {heavy, Acc+∞ SInv}
rCold   . . .      Faith    .    (shield currently unavailable)
rNeg    . . .      Spirit   .    j - +5 crystal plate armour
rPois   .          Reflect  .    (no helmet)
rElec   .          Harm     .    (no cloak)
rCorr   .          Rampage  .    (no gloves)
Will    .....      NoTele   +    (no boots) Stlth
                                 (no amulet)
HPRegen 0.35/turn                y - +6 ring of dexterity
MPRegen 0.16/turn                x - +6 ring of dexterity

@: marked, very slow
A: no striking features
a: Renounce Religion, Bend Time, Temporal Distortion, Slouch, Step From Time


You were in the Dungeon.
You worshipped Cheibriados.
Cheibriados was extremely pleased with you.
You visited 1 branch

Inventory:

Hand Weapons
 a - the +8 lance "Wyrmbane" {slay drac, rPois rF+ rC+ AC+3}
   (You found it in the Dungeon)

   AC:        It affects your AC (+3).
   rF:        It protects you from fire.
   rC:        It protects you from cold.
   rPois:     It protects you from poison.
 E - the +27 heavy crossbow "Sniper" (weapon) {heavy, Acc+∞ SInv}
   (You found it in the Dungeon)

   Acc+∞: It never misses its target.
   SInv:      It lets you see invisible.
 F - the +8 storm bow {elec, penet}
   (You found it in the Dungeon)
Armour
 j - a +5 crystal plate armour (worn)
Jewellery
 n - the ring "Aduoh" {rF+ Int+3}
   (You found it in the Dungeon)

   [ring of protection from fire]

   Int:       It affects your intelligence (+3).
   rF:        It protects you from fire.
 w - a ring of flight
 x - a +6 ring of dexterity (right hand)
 y - a +6 ring of dexterity (left hand)
 z - a +6 ring of intelligence
 A - a +6 ring of intelligence
 B - a +6 ring of strength
 C - a +6 ring of strength
Wands
 t - a wand of mindburst (7)
 u - a wand of iceblast (7)
 v - a wand of quicksilver (7)
Scrolls
 i - 2 scrolls of blinking
 p - 4 scrolls of amnesia
 q - 7 scrolls of fog
 r - 5 scrolls of identify
 s - 2 scrolls of fear
Potions
 c - a potion of ambrosia
 d - 10 potions of curing
 e - 3 potions of heal wounds
 f - 6 potions of haste
 g - 7 potions of magic
 h - 3 potions of berserk rage
 k - 2 potions of brilliance
 l - 2 potions of invisibility
 m - 4 potions of resistance
 o - 5 potions of might
Miscellaneous
 b - a condenser vane
 D - a lightning rod (4/4)


   Skills:
 + Level 13.1 Fighting
 - Level 3.0(6.6) Short Blades
 + Level 10.2(10.4) Long Blades
 + Level 9.2 Ranged Weapons
 + Level 8.3 Dodging
 - Level 1.5 Stealth
 + Level 12.9 Invocations


You had 8 spell levels left.
You didn't know any spells.
Your spell library contained the following spells:

 Spells                   Type           Power      Damage    Failure   Level
 Beastly Appendage        Tmut           0%         N/A       100%        1
 Wereblood                Tmut           0%         N/A       100%        2
 Spider Form              Tmut/Pois      0%         N/A       100%        3
 Leda's Liquefaction      Hex/Erth       0%         N/A       100%        4
 Summon Ice Beast         Ice/Summ       0%         N/A       100%        4
 Iron Shot                Conj/Erth      0%         9d1       100%        6


Dungeon Overview and Level Annotations

Branches:
Dungeon (1/1)

Altars:
Ashenzari
Cheibriados
Dithmenos
Elyvilon
Fedhas
Gozag
Hepliaklqana
Kikubaaqudgha
Makhleb
Nemelex Xobeh
Okawaru
Qazlal
Ru
Sif Muna
Trog
Uskayaw
Vehumet
Wu Jian
Xom
Yredelemnul
Zin
The Shining One
Beogh
Jiyva
Lugonu

Annotations:
D 1 transporter


Message History

Press: ? - help, Q - select action, (/) - cycle Shift-Dir - straight line, f/p - vault sentinel
Aim: a vault sentinel, wielding a +0 war axe and wearing a +0 ring mail (severely wounded, 100% to hit)
Okay, then.
Blink to where?
Press: ? - help, Dir - move target, p - vault sentinel
As you read the scroll of blinking, it crumbles to dust.
Fire: E) +27 heavy crossbow "Sniper" {heavy, Acc+∞ SInv}
Press: ? - help, Q - select action, (/) - cycle Shift-Dir - straight line, f - vault sentinel
Aim: a vault sentinel, wielding a +0 war axe and wearing a +0 ring mail (severely wounded, 100% to hit)
You shoot a bolt. The bolt hits the vault sentinel!!
You kill the vault sentinel!
Cheibriados thoroughly appreciates the change of pace.
You can now step out of the flow of time.
Cheibriados raises the support of your attributes as your movement slows.
The vault warden hits you with a +0 great sword!!
* * * LOW HITPOINT WARNING * * *
Your Fighting skill increases to level 13!
Your Long Blades skill increases to level 10!
Your Ranged Weapons skill increases to level 9!
Okay, then.
You feel much better.
The vault warden hits you with a +0 great sword!
* * * LOW HITPOINT WARNING * * *
The slime creature misses you.
You feel much better.
The vault warden hits you with a +0 great sword!!!
* * * LOW HITPOINT WARNING * * *
The slime creature hits you but does no damage.
Fire: E) +27 heavy crossbow "Sniper" {heavy, Acc+∞ SInv}
Press: ? - help, Q - select action, (/) - cycle Shift-Dir - straight line, f - vault warden
Aim: a vault warden, wielding a +0 great sword and wearing a +0 plate armour (100% to hit)
You shoot a bolt.
The bolt hits the vault warden but does no damage.
The vault warden hits you with a +0 great sword.
* * * LOW HITPOINT WARNING * * *
The slime creature hits you but does no damage.
The slime creature hits you.
* * * LOW HITPOINT WARNING * * *
The vault warden hits you with a +0 great sword!!
You die...

▓.8©8.▓.8©8.▓.8©8.▓
▓...|.▓.).).▓...))▓
▓..[..▓.)...▓...).▓
▓.....▓.)...▓.....▓
▓.....▓.....▓.....▓
▓..†..▓..)..▓..©..▓
▓.†©†.▓..©..▓▓▓▓▓▓▓
▓▓▓▓▓▓▓▓▓▓▓▓▓▓
▓..8©8..@▓
▓..::[.pJ▓
▓...)....▓
▓........▓
.....)..▓
▓.▓....▓.▓
▓..)©....▓
▓▓▓▓▓▓▓▓▓▓


You could see a vault warden and a slime creature.

Vanquished Creatures
  A deep elf knight (D)
  2 deep elf zephyrmancers (D)
  2 draconians (D)
  2 vault sentinels (D)
  A wolf (D)
  An iguana (D)
  A river rat (D)
  A jackal (D)
11 creatures vanquished.

Notes
Turn   | Place    | Note
-------+----------+-------------------------------------------
     0 | D        | BigDaddyOpFi the Hill Orc Monk began the quest for the Orb.
     0 | D        | Reached XP level 1. HP: 19/19 MP: 1/1
     3 | D        | Found a blossoming altar of Fedhas.
     3 | D        | Found the +6 Majin-Bo {spellvamp, MP+6 Int+6}
     3 | D        | Found the +27 heavy crossbow "Sniper" {heavy, Acc+∞ SInv}
     3 | D        | Found the +10 dark maul {heavy}
     3 | D        | Found the +15 Maxwell's patent armour {-Cast -Tele rElec
                  | Will+ rCorr}
     3 | D        | Found the +18 shield of the Gong {Loud rElec rN+ Will+
                  | EV-5}
     3 | D        | Found the +16 obsidian axe {drain, demonic, Mesm Drain Fly
                  | SInv}
     3 | D        | Found the +7 great mace "Firestarter" {flame, inner flame,
                  | rFlCloud rF++}
     3 | D        | Found the +6 shillelagh "Devastator" {shatter}
     3 | D        | Found the +11 plutonium sword {Contam Stlth-}
     3 | D        | Found the +8 lance "Wyrmbane" {slay drac, rPois rF+ rC+
                  | AC+3}
     3 | D        | Found the +9 sword of Zonguldrok {reap}
     3 | D        | Found the +13 scythe of Curses {drain, curses, Drain}
     3 | D        | Found the +9 sword of Power {lifebolt}
     3 | D        | Found the +7 mace of Variability {chaos, chain chaos}
     3 | D        | Found the +11 Singing Sword {sonic wave}
     3 | D        | Found the +8 storm bow {elec, penet}
     6 | D        | Found a shimmering blue altar of Sif Muna.
     6 | D        | Found a sacrificial altar of Ru.
     6 | D        | Found a bloodstained altar of Trog.
     6 | D        | Found a stormy altar of Qazlal.
     6 | D        | Found an iron altar of Okawaru.
     6 | D        | Found a sparkling altar of Nemelex Xobeh.
     8 | D        | Found a transporter.
     8 | D        | Found an ancient bone altar of Kikubaaqudgha.
     8 | D        | Found a viscous altar of Jiyva.
     8 | D        | Found a corrupted altar of Lugonu.
     8 | D        | Found a hazy altar of Hepliaklqana.
     8 | D        | Found a burning altar of Makhleb.
     8 | D        | Found an opulent altar of Gozag.
    53 | D        | Became a worshipper of Cheibriados the Contemplative
    53 | D        | Reached * piety under Cheibriados
    53 | D        | Reached ** piety under Cheibriados
    62 | D        | Reached skill level 7 in Fighting
    62 | D        | Reached XP level 2. HP: 34/34 MP: 1/5
   103 | D        | Entered arena 2.
   103 | D        | Noticed a draconian
   103 | D        | Noticed a draconian
   103 | D        | Found a transporter.
   108 | D        | Killed a draconian
   109 | D        | Reached skill level 9 in Fighting
   109 | D        | Reached skill level 5 in Long Blades
   109 | D        | Reached skill level 5 in Ranged Weapons
   109 | D        | Reached skill level 5 in Dodging
   109 | D        | Reached XP level 3. HP: 13/45 MP: 5/8
   109 | D        | Reached XP level 4. HP: 15/51 MP: 6/10
   109 | D        | Reached XP level 5. HP: 17/58 MP: 6/11
   109 | D        | Reached XP level 6. HP: 20/66 MP: 6/12
   112 | D        | Killed a draconian
   113 | D        | Reached skill level 10 in Fighting
   113 | D        | Reached XP level 7. HP: 41/73 MP: 7/14
   296 | D        | Got the Excursus on the Friendly Syncline
   302 | D        | Entered arena 3.
   302 | D        | Noticed a deep elf knight
   302 | D        | Noticed a deep elf zephyrmancer
   302 | D        | Noticed a deep elf zephyrmancer
   302 | D        | Found a transporter.
   303 | D        | Killed a deep elf zephyrmancer
   304 | D        | Reached skill level 11 in Fighting
   304 | D        | Reached skill level 10 in Invocations
   304 | D        | Reached XP level 8. HP: 31/82 MP: 15/15
   304 | D        | Killed a deep elf zephyrmancer
   304 | D        | Reached *** piety under Cheibriados
   308 | D        | Killed a deep elf knight
   309 | D        | Reached skill level 12 in Fighting
   309 | D        | Reached XP level 9. HP: 67/91 MP: 16/18
   537 | D        | Entered arena 4.
   537 | D        | Found a transporter.
   539 | D        | Reached **** piety under Cheibriados
   549 | D        | Got the ring "Aduoh" {rF+ Int+3}
   575 | D        | Entered arena 5.
   575 | D        | Noticed a vault warden
   575 | D        | Noticed a vault sentinel
   575 | D        | Noticed a vault sentinel
   575 | D        | Found a transporter.
   576 | D        | Killed a vault sentinel
   580 | D        | Killed a vault sentinel
   580 | D        | Reached ***** piety under Cheibriados
   581 | D        | Reached skill level 13 in Fighting
   581 | D        | Reached skill level 10 in Long Blades
   583 | D        | Mangled by a vault warden

Illustrated notes

Levels and vault maps discovered:
D:        sprint_v [room_start, room_1, room_2, room_3, room_4, room_5, room_6,
          room_7, room_8, room_9, room_10, room_11, room_12, room_13, room_14,
          room_15, room_16, room_17, room_18, room_19, room_20, room_21,
          room_22, room_23, room_24, room_25, room_26, room_27]

Skill      XL: |  1  2  3  4  5  6  7  8  9 |
---------------+----------------------------+-----
Fighting       | 7 9 10 11 12 13 | 13.1
Ranged Weapons | 3 5 6 7 8 9 |  9.2
Invocations    | 4 8 9 10 12 | 12.9
Long Blades    | 5 7 9 10 | 10.2
Dodging        | 5 6 7 8 |  8.3
Short Blades   | |  3.0
Stealth        | |  1.5

Action                   |  1- 3 |  4- 6 |  7- 9 || total
-------------------------+-------+-------+-------++-------
 Fire: Heavy crossbow    |     3 |     3 |    12 ||    18
Invok: Temporal Distorti |       |       |     2 ||     2
  Use: Potion            |     2 |     1 |     5 ||     8
       Scroll            |     1 |       |     1 ||     2
Armor: Crystal plate arm |     9 |     4 |    20 ||    33
Dodge: Dodged            |       |     2 |    19 ||    21

Table legend: (Time is in decaauts)
 A = Elapsed time spent in this place.
 B = Non-inter-level travel time spent in this place.
 C = Inter-level travel time spent in this place.
 D = Time resting spent in this place.
 E = Time spent auto-exploring this place.
 F = Levels seen in this place.
 G = Mean time per level.
                   A        B        C        D        E       F      G
               +--------+--------+--------+--------+--------+-----+--------+
         Total |    659 |    659 |      0 |    427 |      0 |   1 |  659.0 |
       Dungeon |    659 |    659 |      0 |    427 |      0 |   1 |  659.0 |
               +--------+--------+--------+--------+--------+-----+--------+

Top non-repeatable levels by time:
       D: 659 daAuts
